 Dungeon Crawl Stone Soup version 0.30.0-29-ga12c61a403 (webtiles) character file.

Game seed: 8498952054364372877

80 safid the Chiller (level 4, -2/33 HPs)
             Began as a Merfolk Ice Elementalist on June 9, 2023.
             Slain by an orc
             ... wielding a +0 trident
              (4 damage)
             ... on level 3 of the Dungeon.
             The game lasted 00:03:35 (2107 turns).

safid the Chiller (Merfolk Ice Elementalist)        Turns: 2107, Time: 00:03:36

Health: -2/33      AC:  2    Str:  8    XL:     4   Next: 39%
Magic:  5/8        EV: 12    Int: 16    God:
Gold:   105        SH:  0    Dex: 14    Spells: 7/8 levels left

rFire   . . .        c - +0 dagger
rCold   . . .        (no shield)
rNeg    . . .        a - +0 robe
rPois   .            (no helmet)
rElec   .            (no cloak)
rCorr   .            (no gloves)
SInv    .            (no boots)
Will    .....        (no amulet)
Stlth   +            (no ring)
HPRegen 0.25/turn    (no ring)
MPRegen 0.11/turn

%: no passive effects
@: confused, very slightly contaminated
A: (nimble swimmer 2), mertail
a: no special abilities


You were on level 3 of the Dungeon.
You visited 1 branch of the dungeon, and saw 3 of its levels.

You collected 105 gold pieces.

Inventory:

Hand Weapons
 c - a +0 dagger (weapon)
Armour
 a - a +0 robe (worn)
Scrolls
 d - a scroll of identify {unknown}
 e - a scroll of teleportation {unknown}
 f - a scroll of immolation {unknown}
 h - a scroll of silence {unknown}
 i - 2 scrolls of enchant weapon {unknown}
 j - a scroll of summoning {unknown}
Potions
 b - a potion of magic
 g - a potion of resistance {unknown}
 k - 2 potions of might {unknown}
 l - a potion of berserk rage {unknown}


   Skills:
 + Level 2.2 Fighting
 - Level 2.6 Dodging
 - Level 2.1 Stealth
 + Level 2.8 Spellcasting
 + Level 5.1 Ice Magic


You had 7 spell levels left.
You knew the following spells:

 Your Spells              Type           Power      Damage    Failure   Level
a - Freeze                Ice            72%        1d8       2%          1

Your spell library contained the following spells:

 Spells                   Type           Power      Damage    Failure   Level
 Frozen Ramparts          Ice            36%        1d6       7%          3
 Ozocubu's Armour         Ice            18%        N/A       7%          3
 Beastly Appendage        Tmut           4%         N/A       19%         1
 Wereblood                Tmut           2%         N/A       28%         2
 Spider Form              Tmut/Pois      2%         N/A       50%         3
 Summon Ice Beast         Ice/Summ       10%        N/A       54%         4


Dungeon Overview and Level Annotations

Branches:
Dungeon (3/15)

Altars:


Innate Abilities, Weirdness & Mutations

((You are very nimble when in or above water. (Stealth+, EV+, Speed+++)))
Your lower body shifts to a powerful aquatic tail in water.


Message History

Aim: an orc, wielding a +0 dagger and quivering boomerangs (lightly wounded)
You miscast Freeze.
You are very lightly contaminated with residual magic.
Nothing appears to happen.
The orc wizard closely misses you. The orc hits you with a +0 dagger.
The orc hits you from afar with a +0 trident.
Casting: Freeze (safe; 2% risk of failure)
Confirm with . or Enter, or press ? or * to list all spells.
Aiming: Freeze (safe; 2% risk of failure)
Press: ? - help, Shift-Dir - straight line, f/p - orc
Aim: an orc, wielding a +0 dagger and quivering boomerangs (lightly wounded)
You freeze the orc!
You kill the orc!
The orc hits you from afar with a +0 trident.
The orc wizard misses you.
Unknown command.
You hit the orc wizard but do no damage.
The orc wizard is heavily wounded.
The orc closely misses you.
The orc wizard hits you with a +0 dagger.
The rat bites you but does no damage.
You closely miss the orc wizard.
The orc wizard is heavily wounded.
The orc wizard casts a spell at you.
You are confused.
The rat bites you but does no damage.
The orc hits you from afar with a +0 trident.
* * * LOW HITPOINT WARNING * * *
You barely miss the orc wizard.
The orc wizard is heavily wounded.
The orc wizard closely misses you. The rat bites you.
* * * LOW HITPOINT WARNING * * *
The orc hits you from afar with a +0 trident!
* * * LOW HITPOINT WARNING * * *
You bump into the rock wall.
The rat closely misses you. The orc closely misses you.
The orc wizard barely misses you.
Unknown command.
You bump into the rock wall.
The orc hits you from afar with a +0 trident.
You die...

. .....#..##...
.....>. ..
..o........ ...###.
... ####........# .#
## #.>#......^....#
# ##.#..........$..
# >.......###.#####
. ####
........o##.##
#.~#...
...[##.#r##..###
..≈.... ...
#.#@o.....# #.~~...
.. #.###.#...#
###~≈.. #.#...##..#
##~...
#.#...##..####..~...
..#............#~≈..
............####~~..
.........†....#.~≈.
##..<......)##.#.~≈≈
......<....##...#~#


You could see an orc wizard, an orc and a rat.

Vanquished Creatures
  3 adders
  A worm (D:2)
  An orc (D:3)
  6 ball pythons
  3 endoplasms
  A giant cockroach (D:2)
  4 goblins
  4 hobgoblins
  4 jackals
  3 kobolds
  4 quokkas
  5 bats
  5 frilled lizards
  2 rats (D:1)
46 creatures vanquished.

Notes
Turn   | Place    | Note
-------+----------+-------------------------------------------
     0 | D:1      | safid the Merfolk Ice Elementalist began the quest for the
                  | Orb.
     0 | D:1      | Reached XP level 1. HP: 13/13 MP: 3/3
   289 | D:1      | Reached XP level 2. HP: 19/20 MP: 1/5
   346 | D:1      | Reached skill level 1 in Fighting
   676 | D:1      | Reached XP level 3. HP: 26/26 MP: 4/6
  1411 | D:2      | Reached skill level 5 in Ice Magic
  1627 | D:2      | Reached XP level 4. HP: 27/33 MP: 4/8
  2105 | D:3      | HP: 1/33 [orc/+0 trident (7)]
  2107 | D:3      | Slain by an orc

Illustrated notes

Levels and vault maps discovered:
D:1:      matt_arrival_refuge, layout_loops_ring
D:2:      minmay_recursive_quarters, layout_basic
D:3:      layout_rooms, serial_rivers, chequers_serial_rivers_marsh,
          chequers_serial_rivers_small_a, chequers_serial_rivers_room_a,
          chequers_serial_rivers_room_a, chequers_serial_rivers_large_a,
          chequers_serial_rivers_micro_b, uniq_robin

Skill      XL: |  1  2  3 |
---------------+----------+-----
Fighting       | 1 2 |  2.2
Ice Magic      | 5 |  5.1
Dodging        | |  2.6
Stealth        | |  2.1
Spellcasting   | |  2.8

Action                     |  1- 3 |  4- 6 || total
---------------------------+-------+-------++-------
  Melee: Unarmed           |     7 |       ||     7
         Dagger            |    54 |     8 ||    62
         Punch             |     1 |       ||     1
   Cast: Freeze            |    48 |    10 ||    58
 Armour: Robe              |    19 |     4 ||    23
  Dodge: Dodged            |    91 |    16 ||   107
